BSA
NEVADA NOISE @ KANSAS CITY KINGS
08/28/2028
 
TOP OF THE 1ST
Nevada Noise batting - Pitching for Kansas City Kings : RHP Ron Young
Pitching: RHP Ron Young
Batting: RHB Max Jones 0-0: Swinging Strike
0-1: Foul Ball, location: 2F
0-2: Strikes out swinging
Batting: LHB Stanley Mullins 0-0: Foul Ball, location: 2F
0-1: SINGLE (Line Drive, 6MD)
Batting: SHB Julián Madrid 0-0: Ball
Stanley Mullins is caught stealing 2nd base
1-0: Fly out, F2 (Popup, 3S)
Top of the 1st over - 0 run(s), 1 hit(s), 0 error(s), 0 left on base; Nevada 0 - Kansas City 0
BOTTOM OF THE 1ST
Kansas City Kings batting - Pitching for Nevada Noise : RHP Isaac Pope
Pitching: RHP Isaac Pope
Batting: RHB Chris Chandler 0-0: Foul Ball, location: 2F
0-1: Called Strike
0-2: Foul Ball, location: 2F
0-2: Foul Ball, location: 2F
0-2: Strikes out swinging
Batting: SHB Douglas Taylor 0-0: Ball
1-0: Called Strike
1-1: Ball
2-1: Ball
3-1: SOLO HOME RUN (Flyball, 9LD), Distance : 382 ft
Batting: RHB Toshimichi Kono 0-0: Ball
1-0: Ball
2-0: Called Strike
2-1: Ball
3-1: Base on Balls
Batting: SHB António De La Cruz 0-0: Fly out, F9 (Flyball, 9)
Batting: RHB Dave Parker 0-0: Called Strike
0-1: Called Strike
0-2: Strikes out swinging
Bottom of the 1st over - 1 run(s), 1 hit(s), 0 error(s), 1 left on base; Nevada 0 - Kansas City 1
TOP OF THE 2ND
Nevada Noise batting - Pitching for Kansas City Kings : RHP Ron Young
Batting: LHB Willie Wallace 0-0: Fly out, F4 (Line Drive, 4)
Batting: RHB Rich Ruffin 0-0: Ball
1-0: Called Strike
1-1: SINGLE (Line Drive, 56)
Batting: RHB Fernando Gálvez 0-0: Called Strike
0-1: Ball
1-1: SINGLE (Groundball, 4MD)
Rich Ruffin to second
Runner from 2nd tries for 3rd, SAFE, throw made to third
Batting: LHB Milton Watson 0-0: Ball
1-0: Ball
2-0: Grounds into double play, 6-4-3 (Groundball, 6)
Top of the 2nd over - 0 run(s), 2 hit(s), 0 error(s), 1 left on base; Nevada 0 - Kansas City 1
BOTTOM OF THE 2ND
Kansas City Kings batting - Pitching for Nevada Noise : RHP Isaac Pope
Batting: LHB Brian Boone 0-0: Foul Ball, location: 2F
0-1: Swinging Strike
0-2: Ground out U3 (Groundball, 34)
Batting: RHB Oliver Lugo 0-0: Fly out, F8 (Flyball, 8RD)
Batting: LHB Luis González 0-0: Swinging Strike
0-1: Ground out 2-3 (Groundball, 2L)
Bottom of the 2nd over - 0 run(s), 0 hit(s), 0 error(s), 0 left on base; Nevada 0 - Kansas City 1
TOP OF THE 3RD
Nevada Noise batting - Pitching for Kansas City Kings : RHP Ron Young
Batting: LHB Pablo Reyes 0-0: Ball
1-0: Swinging Strike
1-1: Fly out, F7 (Flyball, 78M)
Batting: RHB Vern Carlton 0-0: Foul Ball, location: 2F
0-1: Foul Ball, location: 2F
0-2: Ground out 1-3 (Groundball, 13S)
Batting: RHB Max Jones 0-0: Foul Ball, location: 2F
0-1: Ball
1-1: Called Strike
1-2: Strikes out looking
Top of the 3rd over - 0 run(s), 0 hit(s), 0 error(s), 0 left on base; Nevada 0 - Kansas City 1
BOTTOM OF THE 3RD
Kansas City Kings batting - Pitching for Nevada Noise : RHP Isaac Pope
Batting: RHB Cy Keynes 0-0: Ball
1-0: Called Strike
1-1: Swinging Strike
1-2: Fly out, F8 (Flyball, 8LD)
Batting: RHB Chris Chandler 0-0: Called Strike
0-1: Ball
1-1: Foul Ball, location: 2F
1-2: Ball
2-2: Ground out 6-3 (Groundball, 6)
Batting: SHB Douglas Taylor 0-0: Ball
1-0: Swinging Strike
1-1: Foul Ball, location: 2F
1-2: Foul Ball, location: 2F
1-2: Fly out, F9 (Flyball, 89M)
Bottom of the 3rd over - 0 run(s), 0 hit(s), 0 error(s), 0 left on base; Nevada 0 - Kansas City 1
TOP OF THE 4TH
Nevada Noise batting - Pitching for Kansas City Kings : RHP Ron Young
Batting: LHB Stanley Mullins 0-0: Called Strike
0-1: Ball
1-1: Foul Ball, location: 2F
1-2: Strikes out swinging, 2-3 out at first.
Batting: SHB Julián Madrid 0-0: Ball
1-0: Ball
2-0: Foul Ball, location: 2F
2-1: Foul Ball, location: 2F
2-2: Foul Ball, location: 2F
2-2: Ground out U3 (Groundball, 34)
Batting: LHB Willie Wallace 0-0: Fly out, F7 (Flyball, 7LSF)
Top of the 4th over - 0 run(s), 0 hit(s), 0 error(s), 0 left on base; Nevada 0 - Kansas City 1
BOTTOM OF THE 4TH
Kansas City Kings batting - Pitching for Nevada Noise : RHP Isaac Pope
Batting: RHB Toshimichi Kono 0-0: Ball
1-0: Ball
2-0: DOUBLE (Line Drive, 7LD)
Batting: SHB António De La Cruz 0-0: Swinging Strike
0-1: Ball
1-1: Ball
2-1: Foul Ball, location: 2F
2-2: SINGLE (Groundball, 34D)
Toshimichi Kono to third
Batting: RHB Dave Parker 0-0: Ball
1-0: Foul Ball, location: 2F
1-1: Ball
2-1: Ball
3-1: Foul Ball, location: 2F
3-2: Base on Balls
António De La Cruz to second
Batting: LHB Brian Boone 0-0: Ball
1-0: Fly out, F7 (Line Drive, 78M)
Runner from 3rd tags up, OUT at HOME
António De La Cruz to third
Dave Parker to second
Batting: RHB Oliver Lugo 0-0: 3-RUN HOME RUN (Flyball, 7D), Distance : 357 ft
Batting: LHB Luis González 0-0: Called Strike
0-1: Ball
1-1: Called Strike
1-2: Ground out 6-3 (Groundball, 6)
Bottom of the 4th over - 3 run(s), 3 hit(s), 0 error(s), 0 left on base; Nevada 0 - Kansas City 4
TOP OF THE 5TH
Nevada Noise batting - Pitching for Kansas City Kings : RHP Ron Young
Batting: RHB Rich Ruffin 0-0: Ball
1-0: Ball
2-0: Foul Ball, location: 2F
2-1: Ball
3-1: DOUBLE (Groundball, 5L)
Batting: RHB Fernando Gálvez 0-0: Ball
1-0: Ball
2-0: Called Strike
2-1: Called Strike
2-2: Ball
3-2: Foul Ball, location: 2F
3-2: Foul Ball, location: 2F
3-2: Foul Ball, location: 2F
3-2: Ground out 6-3 (Groundball, 6)
Batting: LHB Milton Watson 0-0: Called Strike
0-1: Ball
1-1: Swinging Strike
1-2: Strikes out swinging
Batting: LHB Pablo Reyes 0-0: Ball
1-0: Ball
2-0: Ground out 6-3 (Groundball, 6)
Top of the 5th over - 0 run(s), 1 hit(s), 0 error(s), 1 left on base; Nevada 0 - Kansas City 4
BOTTOM OF THE 5TH
Kansas City Kings batting - Pitching for Nevada Noise : RHP Isaac Pope
Batting: RHB Cy Keynes 0-0: Swinging Strike
0-1: Ball
1-1: Fly out, F8 (Line Drive, 8LD)
Batting: RHB Chris Chandler 0-0: Fly out, F5 (Popup, 56)
Batting: SHB Douglas Taylor 0-0: Ground out 1-3 (Groundball, 13S)
Bottom of the 5th over - 0 run(s), 0 hit(s), 0 error(s), 0 left on base; Nevada 0 - Kansas City 4
TOP OF THE 6TH
Nevada Noise batting - Pitching for Kansas City Kings : RHP Ron Young
Batting: RHB Vern Carlton 0-0: Called Strike
0-1: Foul Ball, location: 2F
0-2: Ball
1-2: SINGLE (Line Drive, 89S)
Batting: RHB Max Jones 0-0: Reached on error, E4 (Groundball, 4)
Vern Carlton to second
Batting: LHB Stanley Mullins 0-0: Ball
1-0: Fly out, F8 (Line Drive, 8RXD)
Runner from 2nd tags up, SAFE at 3rd, no throw
Batting: SHB Julián Madrid 0-0: Called Strike
0-1: Ball
1-1: Foul Ball, location: 2F
1-2: Foul Ball, location: 2F
1-2: Ground out U3 (Groundball, 3)
Vern Carlton scores
Max Jones to second
Batting: LHB Willie Wallace 0-0: Swinging Strike
0-1: Ball
1-1: Called Strike
1-2: Ball
2-2: Strikes out swinging
Top of the 6th over - 1 run(s), 1 hit(s), 1 error(s), 1 left on base; Nevada 1 - Kansas City 4
BOTTOM OF THE 6TH
Kansas City Kings batting - Pitching for Nevada Noise : RHP Isaac Pope
Batting: RHB Toshimichi Kono 0-0: Called Strike
0-1: Swinging Strike
0-2: Ball
1-2: Ball
2-2: Ground out 5-3 (Groundball, 56S)
Batting: SHB António De La Cruz 0-0: Ball
1-0: Ground out 4-3 (Groundball, 34)
Batting: RHB Dave Parker 0-0: Swinging Strike
0-1: Foul Ball, location: 2F
0-2: Ball
1-2: Strikes out swinging
Bottom of the 6th over - 0 run(s), 0 hit(s), 0 error(s), 0 left on base; Nevada 1 - Kansas City 4
TOP OF THE 7TH
Nevada Noise batting - Pitching for Kansas City Kings : RHP Ron Young
Batting: RHB Rich Ruffin 0-0: Ball
1-0: Ball
2-0: Called Strike
2-1: Ball
3-1: Swinging Strike
3-2: Strikes out swinging
Batting: RHB Fernando Gálvez 0-0: Ball
1-0: Swinging Strike
1-1: Called Strike
1-2: Ball
2-2: Reached on error, E5 (Groundball, 5L)
Pitching: LHP Rob Lucas
Batting: LHB Milton Watson 0-0: Ball
1-0: Called Strike
1-1: Called Strike
1-2: Strikes out swinging
Pitching: LHP Manuel Parra
Batting: LHB Pablo Reyes 0-0: Ball
1-0: Ball
2-0: DOUBLE (Groundball, 3L)
Fernando Gálvez to third
Batting: RHB Vern Carlton 0-0: SINGLE (Line Drive, 8RS)
Fernando Gálvez scores
Pablo Reyes to third
Batting: RHB Max Jones 0-0: Foul Ball, location: 2F
0-1: Fly out, F9 (Flyball, 9S)
Top of the 7th over - 1 run(s), 2 hit(s), 1 error(s), 2 left on base; Nevada 2 - Kansas City 4
BOTTOM OF THE 7TH
Kansas City Kings batting - Pitching for Nevada Noise : RHP Isaac Pope
Batting: LHB Brian Boone 0-0: Ball
1-0: Fly out, F9 (Flyball, 9S)
Batting: RHB Oliver Lugo 0-0: Called Strike
0-1: Foul Ball, location: 2F
0-2: Foul Ball, location: 2F
0-2: Strikes out looking
Batting: LHB Luis González 0-0: Foul Ball, location: 2F
0-1: Called Strike
0-2: Ball
1-2: Strikes out swinging
Bottom of the 7th over - 0 run(s), 0 hit(s), 0 error(s), 0 left on base; Nevada 2 - Kansas City 4
TOP OF THE 8TH
Nevada Noise batting - Pitching for Kansas City Kings : LHP Manuel Parra
Batting: LHB Stanley Mullins 0-0: Called Strike
0-1: Ball
1-1: Called Strike
1-2: Strikes out looking
Batting: SHB Julián Madrid 0-0: Foul Ball, location: 2F
0-1: Called Strike
0-2: Ball
1-2: Foul Ball, location: 2F
1-2: Ground out 3-1 (Groundball, 34S)
Batting: LHB Willie Wallace 0-0: Called Strike
0-1: Foul Ball, location: 2F
0-2: Foul Ball, location: 2F
0-2: Foul Ball, location: 2F
0-2: Ball
1-2: Strikes out swinging
Top of the 8th over - 0 run(s), 0 hit(s), 0 error(s), 0 left on base; Nevada 2 - Kansas City 4
BOTTOM OF THE 8TH
Kansas City Kings batting - Pitching for Nevada Noise : RHP Isaac Pope
Batting: RHB Cy Keynes 0-0: Ball
1-0: Swinging Strike
1-1: Foul Ball, location: 2F
1-2: Ball
2-2: Ground out 1-3 (Groundball, 13)
Batting: RHB Chris Chandler 0-0: Called Strike
0-1: SINGLE (Groundball, 56D)
Batting: SHB Douglas Taylor 0-0: Ball
1-0: Fly out, F9 (Flyball, 9)
Batting: RHB Toshimichi Kono 0-0: Called Strike
0-1: Ball
1-1: Ball
2-1: Called Strike
2-2: Ball
3-2: Base on Balls
Chris Chandler to second
Batting: SHB António De La Cruz 0-0: Foul Ball, location: 2F
0-1: Ball
1-1: Ball
2-1: Foul Ball, location: 2F
2-2: Ball
3-2: Foul Ball, location: 2F
3-2: Foul Ball, location: 2F
3-2: Foul Ball, location: 2F
3-2: Foul Ball, location: 2F
3-2: Base on Balls
Chris Chandler to third
Toshimichi Kono to second
Pitching: RHP Mike Pierce
Pinch Hitting: LHB Stan Hickman 0-0: Swinging Strike
0-1: Ball
1-1: Called Strike
1-2: Strikes out swinging
Bottom of the 8th over - 0 run(s), 1 hit(s), 0 error(s), 3 left on base; Nevada 2 - Kansas City 4
TOP OF THE 9TH
Nevada Noise batting - Pitching for Kansas City Kings : LHP Manuel Parra
Pitching: RHP Alberto Bonilla
Now at 3B: John Miller
Batting: RHB Rich Ruffin 0-0: Ball
1-0: Swinging Strike
1-1: Foul Ball, location: 2F
1-2: Foul Ball, location: 2F
1-2: DOUBLE (Groundball, 3L)
Batting: RHB Fernando Gálvez 0-0: Ball
1-0: Fly out, F5 (Line Drive, 5S)
Batting: LHB Milton Watson 0-0: Hit by Pitch
Batting: LHB Pablo Reyes 0-0: Swinging Strike
0-1: Swinging Strike
0-2: Foul Ball, location: 2F
0-2: Ball
1-2: Strikes out swinging
Pinch Hitting: LHB José Román 0-0: Called Strike
0-1: Foul Ball, location: 2F
0-2: Foul Ball, location: 2F
0-2: Ball
1-2: Ball
2-2: Foul Ball, location: 2F
2-2: Foul Ball, location: 2F
2-2: Foul Ball, location: 2F
2-2: SINGLE (Line Drive, 8RS)
Rich Ruffin to third
Milton Watson to second
Pinch Hitting: LHB Tom Waller 0-0: Called Strike
0-1: Called Strike
0-2: Strikes out swinging
Top of the 9th over - 0 run(s), 2 hit(s), 0 error(s), 3 left on base; Nevada 2 - Kansas City 4
Tuesday, August 8th, 2017 - OOTP Baseball 17.12 Build 75